Wolves vs Heat
Created - January 29, 2022 at 23:59
Goals
|
Wolves |
2 |
1 |
2 |
5 |
Heat |
0 |
4 |
3 |
7 |
|
Shots
|
Wolves |
16 |
22 |
5 |
43 |
Heat |
13 |
20 |
14 |
47 |
|
1st period
1. Wolves , Alexandre Grenier 19 (Kyle Rau 24, Jeffrey Foss 13) at 4:14
2. Wolves , Matthew Highmore 5 (Joe Morrow 15, Wade Allison 2) at 8:57
Penalties :
No Penalty
2nd period
3. Heat , Evgeny Svechnikov 6 (Matthew Nieto 14, Ryan Spooner 15) at 1:59
4. Heat , Kevin Labanc 13 (Victor Rask 21) at 6:21
5. Heat , Jake DeBrusk 12 (Kevin Labanc 22, Evgeny Svechnikov 5) at 8:09
6. Wolves , Sebastian Aho 12 (Eric Robinson 4, Thomas Spelling 9) at 16:47
7. Heat , Kevin Labanc 14 (Victor Rask 22, Michael Hutchinson) at 19:27 (PP)
Penalties :
Trevor Carrick (Sto) for Holding (Minor) at 14:26, Jalen Chatfield (Chi) for Hooking (Minor) at 19:17
3rd period
8. Heat , Ryan Spooner 5 (Matthew Nieto 15) at 10:14
9. Wolves , Alexandre Grenier 20 (Kyle Rau 25, Jeffrey Foss 14) at 10:57 (SH)
10. Heat , Ryan Spooner 6 (Matthew Nieto 16, Evgeny Svechnikov 6) at 13:34
11. Wolves , Wade Allison 1 (Matthew Highmore 2) at 14:46
12. Heat , Frank Corrado 2 (Rasmus Andersson 10, Victor Rask 23) at 19:15 (PP)
Penalties :
Wade Allison (Chi) for Holding Stick (Minor) at 3:01, Thomas Spelling (Chi) for Tripping (Minor) at 10:48, Fredrik Olofsson (Chi) for Roughing (Minor) at 18:16
Goalie Stats
Laurent Brossoit (Chi), 40 saves from 47 shots - (0.851), L, 11-4-2, 60:00 minutes
Michael Hutchinson (Sto), 38 saves from 43 shots - (0.884), W, 9-6-2, 60:00 minutes
Players Stats for Wolves
Player Name G A P +/- PIM S H SB GA TA FO MP PP MP PK MP
------------------------------------------------------------------------------------
Alexandre Grenier 2 0 2 0 0 6 2 0 0 1 5/8 22:46 0:52 3:22
Anton Lindholm 0 0 0 -1 0 4 0 1 0 1 0/0 19:57 0:56 1:44
Antti Suomela 0 0 0 -1 0 2 0 0 0 1 2/7 11:49 0:00 0:00
Dylan Coghlan 0 0 0 1 0 1 0 0 0 0 0/0 12:24 0:00 0:00
Eric Robinson 0 1 1 -1 0 0 1 0 0 0 0/0 16:46 1:07 0:22
Fredrik Olofsson 0 0 0 -1 2 1 1 0 0 1 1/2 11:48 0:00 0:00
Jalen Chatfield 0 0 0 1 2 1 2 1 0 1 0/0 12:23 0:00 0:00
Jeff Petry 0 0 0 -1 0 1 2 2 0 1 0/0 19:57 0:56 1:44
Jeffrey Foss 0 2 2 0 0 2 4 2 2 0 0/0 27:39 1:03 3:23
Joe Morrow 0 1 1 0 0 1 2 4 2 0 0/0 27:39 1:03 3:23
Joona Koppanen 0 0 0 0 0 0 0 0 0 0 0/0 0:00 0:00 0:00
Kevin Stenlund 0 0 0 0 0 0 0 0 0 0 0/0 0:00 0:00 0:00
Kieffer Bellows 0 0 0 2 0 1 1 0 0 0 0/0 7:12 0:00 0:00
Kyle Rau 0 2 2 0 0 7 1 0 1 1 20/35 22:46 0:52 3:22
Lawson Crouse 0 0 0 -1 0 3 0 0 1 1 1/2 20:51 0:52 1:23
Liam O'Brien 0 0 0 0 0 0 0 0 0 0 0/0 0:00 0:00 0:00
Matthew Highmore 1 1 2 2 0 1 0 0 0 0 1/4 7:12 0:00 0:00
Sebastian Aho 1 0 1 -1 0 2 0 1 0 0 10/18 17:51 1:07 1:23
Thomas Spelling 0 1 1 -1 2 5 3 0 0 0 1/2 16:26 1:07 0:00
Victor Olofsson 0 0 0 -1 0 2 0 0 1 0 0/1 11:49 0:00 0:00
Wade Allison 1 1 2 2 2 3 2 0 0 0 0/0 7:12 0:00 0:00
Zachary Senyshyn 0 0 0 0 0 0 0 0 0 0 0/0 0:22 0:00 0:22
Players Stats for Heat
Player Name G A P +/- PIM S H SB GA TA FO MP PP MP PK MP
------------------------------------------------------------------------------------
Barclay Goodrow 0 0 0 -1 0 0 0 0 0 0 0/1 6:14 0:00 0:00
Chris Brown 0 0 0 -1 0 5 1 0 0 1 4/4 9:03 0:00 0:00
Evgeny Svechnikov 1 2 3 2 0 1 1 1 1 0 1/2 17:15 1:36 0:00
Frank Corrado 1 0 1 -2 0 3 2 1 0 0 0/0 22:14 1:58 0:50
Greg Pateryn 0 0 0 0 0 4 2 2 0 1 0/0 25:19 3:09 1:09
Jake DeBrusk 1 0 1 1 0 2 1 0 2 1 1/3 22:05 3:31 0:11
Jesper Bratt 0 0 0 -1 0 0 0 1 0 0 0/0 9:03 0:00 0:00
Kevin Labanc 2 1 3 0 0 7 4 0 2 1 1/2 23:42 3:31 1:22
Mathieu Brodeur 0 0 0 -3 0 0 1 1 0 1 0/0 23:47 3:09 0:50
Matthew Nieto 0 3 3 2 0 4 1 0 0 0 2/3 16:02 1:36 0:26
Nico Sturm 0 0 0 -2 0 2 1 2 0 0 3/10 12:53 0:00 1:22
Peter Cehlarik 0 0 0 -1 0 5 0 0 0 1 0/0 11:17 0:00 0:11
Petteri Lindbohm 0 0 0 2 0 1 0 0 0 0 0/0 12:27 0:00 0:00
Rasmus Andersson 0 1 1 1 0 3 1 1 1 1 0/0 23:46 1:58 1:09
Ryan Spooner 2 1 3 2 0 3 0 0 1 0 6/17 19:08 1:36 0:26
Trevor Carrick 0 0 0 1 2 2 0 1 0 0 0/0 12:48 0:00 0:00
Tyler Shattock 0 0 0 -1 0 2 3 0 1 0 1/1 9:03 0:00 0:00
Victor Rask 0 3 3 1 0 3 0 2 0 0 19/36 21:54 3:31 0:00
3 Stars
1 - Kevin Labanc (Sto)
2 - Ryan Spooner (Sto)
3 - Evgeny Svechnikov (Sto)
Power Play
Wolves - 0 on 1 Attempt(s) - 0.00%
Heat - 2 on 4 Attempt(s) - 50.00%
Penalty Kill
Wolves - 2 on 4 Attempt(s) - 50.00%
- Score 1 goal in Penalty Kill
Heat - 1 on 1 Attempt(s) - 100.00%
- Score 0 goal in Penalty Kill
Team Stat
Wolves - Hits : 21 - Faceoff Wins : 41 - Blocked Shots : 11 - Penalty Minutes : 8
Heat - Hits : 18 - Faceoff Wins : 38 - Blocked Shots : 12 - Penalty Minutes : 2
Official
Referees : Frederick L'Ecuyer and Francis Charron
Linesman : Bevan Mills and Brian Mach
Game Notes
Barclay Goodrow is injured at 11:54 of 2nd period (Bruised Left Leg)
Finance
Level 1 -- Attendance: 1869 (93.45%) -- Ticket Income $65,415
Level 2 -- Attendance: 874 (87.40%) -- Ticket Income $13,110
Total Attendance: 2743 (91.43%)
Total Ticket Income: $78,525
Other Income: $3,926
Total Income: $82,451
Wolves
5 vs 5 Forward
Center Left Wing Right Wing Time % Phy DF OF
1 Kyle Rau Lawson Crouse Alexandre Grenier 40 1 2 2
2 Sebastian Aho Eric Robinson Thomas Spelling 30 1 2 2
3 Antti Suomela Fredrik Olofsson Victor Olofsson 20 1 2 2
4 Matthew Highmore Kieffer Bellows Wade Allison 10 1 2 2
5 vs 5 Defense
Defense Defense Time % Phy DF OF
1 Jeffrey Foss Joe Morrow 40 1 2 2
2 Anton Lindholm Jeff Petry 30 1 2 2
3 Jalen Chatfield Dylan Coghlan 20 1 2 2
4 Jeffrey Foss Joe Morrow 10 1 2 2
PowerPlay Forward
Center Left Wing Right Wing Time % Phy DF OF
1 Kyle Rau Lawson Crouse Alexandre Grenier 60 1 2 2
2 Sebastian Aho Eric Robinson Thomas Spelling 40 1 2 2
PowerPlay Defense
Defense Defense Time % Phy DF OF
1 Jeffrey Foss Joe Morrow 60 1 2 2
2 Anton Lindholm Jeff Petry 40 1 2 2
Penalty Kill 4 Players Forward
Center Wing Time % Phy DF OF
1 Alexandre Grenier Kyle Rau 60 1 2 2
2 Sebastian Aho Lawson Crouse 40 1 2 2
Penalty Kill 4 Players Defense
Defense Defense Time % Phy DF OF
1 Jeffrey Foss Joe Morrow 60 1 2 2
2 Anton Lindholm Jeff Petry 40 1 2 2
Penalty Kill - 3 Players Forward
Forward Time % Phy DF OF
1 Alexandre Grenier 60 1 2 2
2 Kyle Rau 40 1 2 2
Penalty Kill - 3 Players Defense
Defense Defense Time % Phy DF OF
1 Jeffrey Foss Joe Morrow 60 1 2 2
2 Anton Lindholm Jeff Petry 40 1 2 2
4 vs 4 Forward
Center Wing Time % Phy DF OF
1 Alexandre Grenier Kyle Rau 60 1 2 2
2 Sebastian Aho Lawson Crouse 40 1 2 2
4 vs 4 Defense
Defense Defense Time % Phy DF OF
1 Jeffrey Foss Joe Morrow 60 1 2 2
2 Anton Lindholm Jeff Petry 40 1 2 2
Last Minutes Offensive
Center Left Wing Right Wing Defense Defense
Kyle Rau Lawson Crouse Alexandre Grenier Jeffrey Foss Joe Morrow
Last Minutes Defensive
Center Left Wing Right Wing Defense Defense
Kyle Rau Lawson Crouse Alexandre Grenier Jeffrey Foss Joe Morrow
Goaltenders
Starting : Laurent Brossoit
Backup : Ebbe Siönäs
Extra Forwards
Normal : Liam O'Brien, Kevin Stenlund, Zachary Senyshyn - PP : Liam O'Brien, Kevin Stenlund - PK : Zachary Senyshyn
Extra Defensemen
Normal : Jalen Chatfield, Dylan Coghlan, Anton Lindholm - PP : Jalen Chatfield - PK : Dylan Coghlan, Anton Lindholm
Penalty Shots
Alexandre Grenier, Kyle Rau, Sebastian Aho, Lawson Crouse, Thomas Spelling
Scratches
Jakub Zboril (Healthy), Max Friberg (Healthy), Samuel Girard (Healthy)
Heat
5 vs 5 Forward
Center Left Wing Right Wing Time % Phy DF OF
1 Victor Rask Jake DeBrusk Kevin Labanc 40 1 2 2
2 Ryan Spooner Matthew Nieto Evgeny Svechnikov 30 1 2 2
3 Nico Sturm Peter Cehlarik Barclay Goodrow 20 1 2 2
4 Chris Brown Jesper Bratt Tyler Shattock 10 1 2 2
5 vs 5 Defense
Defense Defense Time % Phy DF OF
1 Rasmus Andersson Greg Pateryn 40 1 2 2
2 Mathieu Brodeur Frank Corrado 30 1 2 2
3 Trevor Carrick Petteri Lindbohm 20 1 2 2
4 Mathieu Brodeur Frank Corrado 10 1 2 2
PowerPlay Forward
Center Left Wing Right Wing Time % Phy DF OF
1 Victor Rask Jake DeBrusk Kevin Labanc 60 1 2 2
2 Ryan Spooner Matthew Nieto Evgeny Svechnikov 40 1 2 2
PowerPlay Defense
Defense Defense Time % Phy DF OF
1 Mathieu Brodeur Greg Pateryn 60 1 2 2
2 Rasmus Andersson Frank Corrado 40 1 2 2
Penalty Kill 4 Players Forward
Center Wing Time % Phy DF OF
1 Nico Sturm Kevin Labanc 60 1 2 2
2 Ryan Spooner Matthew Nieto 40 1 2 2
Penalty Kill 4 Players Defense
Defense Defense Time % Phy DF OF
1 Rasmus Andersson Greg Pateryn 60 1 2 2
2 Mathieu Brodeur Frank Corrado 40 1 2 2
Penalty Kill - 3 Players Forward
Forward Time % Phy DF OF
1 Nico Sturm 60 1 2 2
2 Matthew Nieto 40 1 2 2
Penalty Kill - 3 Players Defense
Defense Defense Time % Phy DF OF
1 Rasmus Andersson Greg Pateryn 60 1 2 2
2 Mathieu Brodeur Frank Corrado 40 1 2 2
4 vs 4 Forward
Center Wing Time % Phy DF OF
1 Victor Rask Kevin Labanc 60 1 2 2
2 Nico Sturm Matthew Nieto 40 1 2 2
4 vs 4 Defense
Defense Defense Time % Phy DF OF
1 Rasmus Andersson Greg Pateryn 60 1 2 2
2 Mathieu Brodeur Frank Corrado 40 1 2 2
Last Minutes Offensive
Center Left Wing Right Wing Defense Defense
Victor Rask Matthew Nieto Kevin Labanc Rasmus Andersson Greg Pateryn
Last Minutes Defensive
Center Left Wing Right Wing Defense Defense
Victor Rask Matthew Nieto Kevin Labanc Rasmus Andersson Greg Pateryn
Goaltenders
Starting : Michael Hutchinson
Backup : Vitek Vanecek
Extra Forwards
Normal : Ryan Spooner, Nico Sturm, Peter Cehlarik - PP : Ryan Spooner, Nico Sturm - PK : Peter Cehlarik
Extra Defensemen
Normal : Mathieu Brodeur, Petteri Lindbohm, Rasmus Andersson - PP : Trevor Carrick - PK : Petteri Lindbohm, Rasmus Andersson
Penalty Shots
Matthew Nieto, Kevin Labanc, Jake DeBrusk, Victor Rask, Evgeny Svechnikov
Scratches
Alexander True (Healthy), Brandon Hickey (Healthy), Christian Jaros (Healthy), Dominik Masin (Healthy), Eric Karlsson (Healthy)
John Gilmour (Healthy), Philip Varone (Healthy), Ryan Donato (Healthy), Vladislav Kamenev (Healthy), Tage Thompson (Healthy)
Radim Zohorna (Healthy), Nathan Lieuwen (Healthy), Collin Delia (Healthy)
% Time on Ice - Wolves
Lines # - Real PCT - Wanted PCT - Time Play
Normal Forward
1 - 35% - 40% - 18:32
2 - 29% - 30% - 15:21
3 - 22% - 20% - 11:49
4 - 14% - 10% - 7:12
Normal Defense
1 - 39% - 40% - 20:30
2 - 33% - 30% - 17:17
3 - 23% - 20% - 12:24
4 - 5% - 10% - 2:43
PP Forward
1 - 44% - 60% - 0:52
2 - 56% - 40% - 1:07
PP Defense
1 - 53% - 60% - 1:03
2 - 47% - 40% - 0:56
PK Forward
1 - 73% - 60% - 3:44
2 - 27% - 40% - 1:23
PK Defense
1 - 66% - 60% - 3:23
2 - 34% - 40% - 1:44
PK3 Forward
1 - 0% - 60%
2 - 0% - 40%
PK3 Defense
1 - 0% - 60%
2 - 0% - 40%
44 Forward
1 - 0% - 60%
2 - 0% - 40%
44 Defense
1 - 0% - 60%
2 - 0% - 40%
Last Minute Offensive - 0:00
Last Minute Defensive - 0:00
Total
Forward - 60:00
Defense - 60:00
|
% Time on Ice - Heat
Lines # - Real PCT - Wanted PCT - Time Play
Normal Forward
1 - 35% - 40% - 18:45
2 - 26% - 30% - 14:00
3 - 21% - 20% - 11:06
4 - 17% - 10% - 9:03
Normal Defense
1 - 40% - 40% - 21:01
2 - 30% - 30% - 15:38
3 - 24% - 20% - 12:27
4 - 7% - 10% - 3:48
PP Forward
1 - 69% - 60% - 3:31
2 - 31% - 40% - 1:36
PP Defense
1 - 62% - 60% - 3:09
2 - 38% - 40% - 1:58
PK Forward
1 - 78% - 60% - 1:33
2 - 22% - 40% - 0:26
PK Defense
1 - 58% - 60% - 1:09
2 - 42% - 40% - 0:50
PK3 Forward
1 - 0% - 60%
2 - 0% - 40%
PK3 Defense
1 - 0% - 60%
2 - 0% - 40%
44 Forward
1 - 0% - 60%
2 - 0% - 40%
44 Defense
1 - 0% - 60%
2 - 0% - 40%
Last Minute Offensive - 0:00
Last Minute Defensive - 0:00
Total
Forward - 60:00
Defense - 60:00
|
Play-by-Play
1st period
0:01 of 1st period - Victor Rask wins face-off versus Kyle Rau in neutral zone.
0:36 of 1st period - Matthew Nieto is hit by Eric Robinson and loses puck.
0:53 of 1st period - Slapshot by Victor Olofsson.
0:53 of 1st period - Shot Misses the Net.
0:55 of 1st period - Slapshot by Anton Lindholm.
0:55 of 1st period - Stopped by Michael Hutchinson with a rebound.
0:57 of 1st period - Wrist shot by Anton Lindholm.
0:57 of 1st period - Stopped by Michael Hutchinson without a rebound.
0:58 of 1st period - Tyler Shattock wins face-off versus Matthew Highmore in Heat zone.
0:58 of 1st period - Tyler Shattock is hit by Jalen Chatfield.
1:04 of 1st period - Kieffer Bellows is hit by Tyler Shattock and loses puck.
1:23 of 1st period - Kyle Rau is hit by Kevin Labanc and loses puck.
2:24 of 1st period - Sebastian Aho is hit by Kevin Labanc and loses puck.
2:31 of 1st period - Anton Lindholm is hit by Frank Corrado and loses puck.
2:38 of 1st period - Snap shot by Thomas Spelling.
2:38 of 1st period - Deflect By Frank Corrado.
2:38 of 1st period - Stopped by Michael Hutchinson with a rebound.
2:40 of 1st period - Backhand shot by Thomas Spelling.
2:40 of 1st period - Stopped by Michael Hutchinson with a rebound.
2:42 of 1st period - Snap shot by Jeff Petry.
2:42 of 1st period - Stopped by Michael Hutchinson with a rebound.
2:44 of 1st period - Snap shot by Sebastian Aho.
2:44 of 1st period - Shot Misses the Net.
2:54 of 1st period - Backhand shot by Joe Morrow.
2:54 of 1st period - Stopped by Michael Hutchinson with a rebound.
2:56 of 1st period - Slapshot by Joe Morrow.
2:56 of 1st period - Deflect By Thomas Spelling.
2:56 of 1st period - Shot Misses the Net.
2:56 of 1st period - Puck is out of play.
2:57 of 1st period - Victor Rask wins face-off versus Kyle Rau in Heat zone.
3:49 of 1st period - Snap shot by Wade Allison.
3:49 of 1st period - Stopped by Michael Hutchinson without a rebound.
3:50 of 1st period - Victor Rask wins face-off versus Matthew Highmore in Heat zone.
4:04 of 1st period - Off-side.
4:05 of 1st period - Kyle Rau wins face-off versus Barclay Goodrow in neutral zone.
4:08 of 1st period - Wrist shot by Alexandre Grenier.
4:08 of 1st period - Shot Misses the Net.
4:10 of 1st period - Slapshot by Jeffrey Foss.
4:10 of 1st period - Shot Blocked by Nico Sturm.
4:12 of 1st period - Snap shot by Kyle Rau.
4:12 of 1st period - Stopped by Michael Hutchinson with a rebound.
4:14 of 1st period - Wrist shot by Alexandre Grenier.
4:14 of 1st period - Goal by Alexandre Grenier - Wolves : 1 - Heat : 0.
4:15 of 1st period - Victor Rask wins face-off versus Kyle Rau in neutral zone.
4:51 of 1st period - Snap shot by Peter Cehlarik.
4:51 of 1st period - Stopped by Laurent Brossoit without a rebound.
4:52 of 1st period - Ryan Spooner wins face-off versus Antti Suomela in Wolves zone.
4:57 of 1st period - Snap shot by Evgeny Svechnikov.
4:57 of 1st period - Shot Blocked by Jeffrey Foss.
6:03 of 1st period - Snap shot by Tyler Shattock.
6:03 of 1st period - Shot Blocked by Jeff Petry.
6:19 of 1st period - Wrist shot by Matthew Nieto.
6:19 of 1st period - Stopped by Laurent Brossoit with a rebound.
6:21 of 1st period - Slapshot by Ryan Spooner.
6:21 of 1st period - Deflect By Matthew Nieto.
6:21 of 1st period - Shot Misses the Net.
6:21 of 1st period - Puck is out of play.
6:22 of 1st period - Ryan Spooner wins face-off versus Antti Suomela in Wolves zone.
7:11 of 1st period - Anton Lindholm is hit by Mathieu Brodeur and loses puck.
7:24 of 1st period - Wrist shot by Peter Cehlarik.
7:24 of 1st period - Deflect By Anton Lindholm.
7:24 of 1st period - Shot Misses the Net.
7:24 of 1st period - Puck is out of play.
7:25 of 1st period - Kyle Rau wins face-off versus Ryan Spooner in Wolves zone.
7:25 of 1st period - Kyle Rau is hit by Evgeny Svechnikov.
7:59 of 1st period - Wrist shot by Victor Rask.
7:59 of 1st period - Shot Blocked by Joe Morrow.
8:01 of 1st period - Slapshot by Greg Pateryn.
8:01 of 1st period - Stopped by Laurent Brossoit without a rebound.
8:02 of 1st period - Nico Sturm wins face-off versus Kyle Rau in Wolves zone.
8:33 of 1st period - Slapshot by Thomas Spelling.
8:33 of 1st period - Stopped by Michael Hutchinson with a rebound.
8:57 of 1st period - Slapshot by Joe Morrow.
8:57 of 1st period - Deflect By Matthew Highmore.
8:57 of 1st period - Goal by Matthew Highmore - Wolves : 2 - Heat : 0.
8:58 of 1st period - Alexandre Grenier wins face-off versus Victor Rask in neutral zone.
9:07 of 1st period - Snap shot by Kevin Labanc.
9:07 of 1st period - Shot Misses the Net.
9:09 of 1st period - Wrist shot by Kevin Labanc.
9:09 of 1st period - Stopped by Laurent Brossoit with a rebound.
9:11 of 1st period - Wrist shot by Kevin Labanc.
9:11 of 1st period - Shot Misses the Net.
9:13 of 1st period - Slapshot by Rasmus Andersson.
9:13 of 1st period - Shot Misses the Net.
9:23 of 1st period - Rasmus Andersson is hit by Jeffrey Foss and loses puck.
9:43 of 1st period - Off-side.
9:44 of 1st period - Sebastian Aho wins face-off versus Nico Sturm in neutral zone.
10:09 of 1st period - Kevin Labanc is hit by Alexandre Grenier and loses puck.
10:51 of 1st period - Snap shot by Evgeny Svechnikov.
10:51 of 1st period - Shot Misses the Net.
11:02 of 1st period - Icing by Wade Allison.
11:03 of 1st period - Matthew Highmore wins face-off versus Victor Rask in Wolves zone.
11:17 of 1st period - Anton Lindholm is hit by Greg Pateryn and loses puck.
11:31 of 1st period - Off-side.
11:32 of 1st period - Chris Brown wins face-off versus Kyle Rau in neutral zone.
11:37 of 1st period - Wrist shot by Chris Brown.
11:37 of 1st period - Stopped by Laurent Brossoit without a rebound.
11:38 of 1st period - Kyle Rau wins face-off versus Victor Rask in Wolves zone.
12:23 of 1st period - Slapshot by Matthew Nieto.
12:23 of 1st period - Shot Misses the Net.
12:25 of 1st period - Snap shot by Matthew Nieto.
12:25 of 1st period - Shot Hit the Post.
12:27 of 1st period - Slapshot by Mathieu Brodeur.
12:27 of 1st period - Shot Blocked by Jeffrey Foss.
12:29 of 1st period - Slapshot by Mathieu Brodeur.
12:29 of 1st period - Shot Misses the Net.
12:45 of 1st period - Snap shot by Matthew Highmore.
12:45 of 1st period - Shot Blocked by Jesper Bratt.
12:47 of 1st period - Slapshot by Joe Morrow.
12:47 of 1st period - Shot Misses the Net.
12:49 of 1st period - Slapshot by Jeffrey Foss.
12:49 of 1st period - Deflect By Frank Corrado.
12:49 of 1st period - Stopped by Michael Hutchinson with a rebound.
12:51 of 1st period - Wrist shot by Kieffer Bellows.
12:51 of 1st period - Stopped by Michael Hutchinson without a rebound.
12:52 of 1st period - Kyle Rau wins face-off versus Victor Rask in Heat zone.
13:07 of 1st period - Snap shot by Kyle Rau.
13:07 of 1st period - Stopped by Michael Hutchinson with a rebound.
13:24 of 1st period - Jalen Chatfield is hit by Greg Pateryn and loses puck.
14:39 of 1st period - Kevin Labanc is hit by Thomas Spelling and loses puck.
14:46 of 1st period - Slapshot by Thomas Spelling.
14:46 of 1st period - Stopped by Michael Hutchinson without a rebound.
14:47 of 1st period - Kyle Rau wins face-off versus Evgeny Svechnikov in Heat zone.
15:12 of 1st period - Alexandre Grenier is hit by Tyler Shattock and loses puck.
15:19 of 1st period - Wrist shot by Chris Brown.
15:19 of 1st period - Stopped by Laurent Brossoit with a rebound.
15:21 of 1st period - Slapshot by Petteri Lindbohm.
15:21 of 1st period - Stopped by Laurent Brossoit with a rebound.
15:23 of 1st period - Slapshot by Trevor Carrick.
15:23 of 1st period - Stopped by Laurent Brossoit without a rebound.
15:24 of 1st period - Victor Rask wins face-off versus Sebastian Aho in Wolves zone.
16:03 of 1st period - Wrist shot by Peter Cehlarik.
16:03 of 1st period - Stopped by Laurent Brossoit with a rebound.
16:35 of 1st period - Wrist shot by Matthew Nieto.
16:35 of 1st period - Stopped by Laurent Brossoit with a rebound.
16:43 of 1st period - Trevor Carrick is hit by Alexandre Grenier and loses puck.
17:42 of 1st period - Jeff Petry is hit by Tyler Shattock and loses puck.
17:46 of 1st period - Icing by Anton Lindholm.
17:47 of 1st period - Chris Brown wins face-off versus Kyle Rau in Wolves zone.
17:52 of 1st period - Wrist shot by Tyler Shattock.
17:52 of 1st period - Stopped by Laurent Brossoit with a rebound.
18:39 of 1st period - Slapshot by Chris Brown.
18:39 of 1st period - Stopped by Laurent Brossoit without a rebound.
18:40 of 1st period - Victor Rask wins face-off versus Sebastian Aho in Wolves zone.
19:30 of 1st period - Mathieu Brodeur is hit by Wade Allison and loses puck.
19:35 of 1st period - Snap shot by Matthew Highmore.
19:35 of 1st period - Shot Misses the Net.
19:37 of 1st period - Slapshot by Wade Allison.
19:37 of 1st period - Stopped by Michael Hutchinson without a rebound.
19:38 of 1st period - Victor Rask wins face-off versus Thomas Spelling in Heat zone.
19:50 of 1st period - Backhand shot by Victor Rask.
19:50 of 1st period - Stopped by Laurent Brossoit with a rebound.
19:52 of 1st period - Snap shot by Jake DeBrusk.
19:52 of 1st period - Shot Misses the Net.
19:54 of 1st period - Wrist shot by Jake DeBrusk.
19:54 of 1st period - Shot Misses the Net.
Goals for this period are 2 for Wolves vs 0 for Heat.
Shots for this period are 16 for Wolves vs 13 for Heat.
2nd period
0:01 of 2nd period - Kyle Rau wins face-off versus Jake DeBrusk in neutral zone.
0:04 of 2nd period - Snap shot by Kyle Rau.
0:04 of 2nd period - Stopped by Michael Hutchinson with a rebound.
0:14 of 2nd period - Snap shot by Jake DeBrusk.
0:14 of 2nd period - Shot Blocked by Joe Morrow.
0:16 of 2nd period - Snap shot by Jake DeBrusk.
0:16 of 2nd period - Shot Blocked by Joe Morrow.
0:26 of 2nd period - Greg Pateryn is hit by Joe Morrow and loses puck.
0:49 of 2nd period - Slapshot by Greg Pateryn.
0:49 of 2nd period - Stopped by Laurent Brossoit with a rebound.
0:55 of 2nd period - Rasmus Andersson is hit by Fredrik Olofsson and loses puck.
1:10 of 2nd period - Slapshot by Anton Lindholm.
1:10 of 2nd period - Shot Misses the Net.
1:17 of 2nd period - Backhand shot by Chris Brown.
1:17 of 2nd period - Stopped by Laurent Brossoit with a rebound.
1:19 of 2nd period - Slapshot by Rasmus Andersson.
1:19 of 2nd period - Deflect By Anton Lindholm.
1:19 of 2nd period - Stopped by Laurent Brossoit with a rebound.
1:23 of 2nd period - Snap shot by Chris Brown.
1:23 of 2nd period - Stopped by Laurent Brossoit without a rebound.
1:24 of 2nd period - Jake DeBrusk wins face-off versus Kyle Rau in Wolves zone.
1:29 of 2nd period - Slapshot by Kevin Labanc.
1:29 of 2nd period - Deflect By Jake DeBrusk.
1:29 of 2nd period - Shot Misses the Net.
1:29 of 2nd period - Puck is out of play.
1:30 of 2nd period - Victor Rask wins face-off versus Kyle Rau in Wolves zone.
1:41 of 2nd period - Snap shot by Jake DeBrusk.
1:41 of 2nd period - Stopped by Laurent Brossoit without a rebound.
1:42 of 2nd period - Kyle Rau wins face-off versus Victor Rask in Wolves zone.
1:55 of 2nd period - Off-side.
1:56 of 2nd period - Ryan Spooner wins face-off versus Lawson Crouse in neutral zone.
1:59 of 2nd period - Snap shot by Evgeny Svechnikov.
1:59 of 2nd period - Goal by Evgeny Svechnikov - Wolves : 2 - Heat : 1.
2:00 of 2nd period - Victor Rask wins face-off versus Kyle Rau in neutral zone.
2:30 of 2nd period - Matthew Nieto is hit by Thomas Spelling and loses puck.
2:57 of 2nd period - Snap shot by Peter Cehlarik.
2:57 of 2nd period - Shot Misses the Net.
3:16 of 2nd period - Wrist shot by Wade Allison.
3:16 of 2nd period - Shot Misses the Net.
3:18 of 2nd period - Slapshot by Jalen Chatfield.
3:18 of 2nd period - Stopped by Michael Hutchinson with a rebound.
3:20 of 2nd period - Slapshot by Dylan Coghlan.
3:20 of 2nd period - Stopped by Michael Hutchinson with a rebound.
3:30 of 2nd period - Snap shot by Lawson Crouse.
3:30 of 2nd period - Stopped by Michael Hutchinson without a rebound.
3:31 of 2nd period - Kyle Rau wins face-off versus Victor Rask in Heat zone.
3:40 of 2nd period - Wrist shot by Alexandre Grenier.
3:40 of 2nd period - Shot Misses the Net.
4:17 of 2nd period - Off-side.
4:18 of 2nd period - Sebastian Aho wins face-off versus Ryan Spooner in neutral zone.
4:23 of 2nd period - Snap shot by Sebastian Aho.
4:23 of 2nd period - Shot Misses the Net.
4:51 of 2nd period - Slapshot by Greg Pateryn.
4:51 of 2nd period - Deflect By Alexandre Grenier.
4:51 of 2nd period - Stopped by Laurent Brossoit with a rebound.
4:57 of 2nd period - Barclay Goodrow is hit by Jeffrey Foss.
5:09 of 2nd period - Snap shot by Antti Suomela.
5:09 of 2nd period - Deflect By Fredrik Olofsson.
5:09 of 2nd period - Shot Blocked by Greg Pateryn.
5:09 of 2nd period - Puck is out of play.
5:10 of 2nd period - Chris Brown wins face-off versus Antti Suomela in Heat zone.
5:15 of 2nd period - Snap shot by Frank Corrado.
5:15 of 2nd period - Stopped by Laurent Brossoit without a rebound.
5:16 of 2nd period - Kyle Rau wins face-off versus Jake DeBrusk in Wolves zone.
5:31 of 2nd period - Snap shot by Kevin Labanc.
5:31 of 2nd period - Stopped by Laurent Brossoit without a rebound.
5:32 of 2nd period - Sebastian Aho wins face-off versus Ryan Spooner in Wolves zone.
6:07 of 2nd period - Snap shot by Jake DeBrusk.
6:07 of 2nd period - Deflect By Kevin Labanc.
6:07 of 2nd period - Stopped by Laurent Brossoit without a rebound.
6:08 of 2nd period - Sebastian Aho wins face-off versus Ryan Spooner in Wolves zone.
6:19 of 2nd period - Wrist shot by Matthew Nieto.
6:19 of 2nd period - Deflect By Joe Morrow.
6:19 of 2nd period - Stopped by Laurent Brossoit without a rebound.
6:20 of 2nd period - Victor Rask wins face-off versus Kyle Rau in Wolves zone.
6:21 of 2nd period - Snap shot by Kevin Labanc.
6:21 of 2nd period - Goal by Kevin Labanc - Wolves : 2 - Heat : 2.
6:22 of 2nd period - Victor Rask wins face-off versus Kyle Rau in neutral zone.
6:38 of 2nd period - Wrist shot by Lawson Crouse.
6:38 of 2nd period - Stopped by Michael Hutchinson without a rebound.
6:39 of 2nd period - Evgeny Svechnikov wins face-off versus Sebastian Aho in Heat zone.
6:44 of 2nd period - Jeffrey Foss is hit by Matthew Nieto and loses puck.
7:05 of 2nd period - Lawson Crouse is hit by Kevin Labanc.
7:29 of 2nd period - Slapshot by Victor Olofsson.
7:29 of 2nd period - Stopped by Michael Hutchinson with a rebound.
8:09 of 2nd period - Snap shot by Jake DeBrusk.
8:09 of 2nd period - Goal by Jake DeBrusk - Wolves : 2 - Heat : 3.
8:10 of 2nd period - Kyle Rau wins face-off versus Victor Rask in neutral zone.
8:13 of 2nd period - Slapshot by Kyle Rau.
8:13 of 2nd period - Deflect By Greg Pateryn.
8:13 of 2nd period - Shot Blocked by Victor Rask.
8:13 of 2nd period - Puck is out of play.
8:14 of 2nd period - Kyle Rau wins face-off versus Victor Rask in Heat zone.
8:58 of 2nd period - Wrist shot by Kyle Rau.
8:58 of 2nd period - Shot Misses the Net.
9:00 of 2nd period - Snap shot by Kyle Rau.
9:00 of 2nd period - Stopped by Michael Hutchinson with a rebound.
9:02 of 2nd period - Slapshot by Jalen Chatfield.
9:02 of 2nd period - Shot Blocked by Nico Sturm.
9:14 of 2nd period - Backhand shot by Kyle Rau.
9:14 of 2nd period - Deflect By Alexandre Grenier.
9:14 of 2nd period - Stopped by Michael Hutchinson with a rebound.
9:39 of 2nd period - Slapshot by Kyle Rau.
9:39 of 2nd period - Stopped by Michael Hutchinson with a rebound.
9:41 of 2nd period - Slapshot by Alexandre Grenier.
9:41 of 2nd period - Shot Blocked by Greg Pateryn.
9:43 of 2nd period - Snap shot by Alexandre Grenier.
9:43 of 2nd period - Stopped by Michael Hutchinson without a rebound.
9:44 of 2nd period - Victor Rask wins face-off versus Sebastian Aho in Heat zone.
10:15 of 2nd period - Off-side.
10:16 of 2nd period - Ryan Spooner wins face-off versus Antti Suomela in neutral zone.
10:37 of 2nd period - Slapshot by Antti Suomela.
10:37 of 2nd period - Stopped by Michael Hutchinson with a rebound.
10:39 of 2nd period - Wrist shot by Antti Suomela.
10:39 of 2nd period - Shot Misses the Net.
10:41 of 2nd period - Slapshot by Anton Lindholm.
10:41 of 2nd period - Shot Blocked by Victor Rask.
10:43 of 2nd period - Slapshot by Anton Lindholm.
10:43 of 2nd period - Deflect By Kevin Labanc.
10:43 of 2nd period - Stopped by Michael Hutchinson with a rebound.
11:07 of 2nd period - Snap shot by Antti Suomela.
11:07 of 2nd period - Deflect By Fredrik Olofsson.
11:07 of 2nd period - Stopped by Michael Hutchinson with a rebound.
11:09 of 2nd period - Slapshot by Anton Lindholm.
11:09 of 2nd period - Stopped by Michael Hutchinson with a rebound.
11:25 of 2nd period - Snap shot by Victor Olofsson.
11:25 of 2nd period - Shot Misses the Net.
11:27 of 2nd period - Snap shot by Victor Olofsson.
11:27 of 2nd period - Stopped by Michael Hutchinson without a rebound.
11:28 of 2nd period - Sebastian Aho wins face-off versus Ryan Spooner in Heat zone.
11:31 of 2nd period - Snap shot by Thomas Spelling.
11:31 of 2nd period - Stopped by Michael Hutchinson with a rebound.
11:53 of 2nd period - Barclay Goodrow is hit by Jeffrey Foss and loses puck.
11:54 of 2nd period - Barclay Goodrow from Heat is injured at 11:54 of 2nd period (Bruised Left Leg).
11:55 of 2nd period - Sebastian Aho wins face-off versus Ryan Spooner in Heat zone.
12:20 of 2nd period - Alexandre Grenier is hit by Jake DeBrusk.
12:42 of 2nd period - Slapshot by Rasmus Andersson.
12:42 of 2nd period - Stopped by Laurent Brossoit without a rebound.
12:43 of 2nd period - Chris Brown wins face-off versus Sebastian Aho in Wolves zone.
12:44 of 2nd period - Snap shot by Tyler Shattock.
12:44 of 2nd period - Shot Blocked by Anton Lindholm.
13:33 of 2nd period - Snap shot by Peter Cehlarik.
13:33 of 2nd period - Stopped by Laurent Brossoit with a rebound.
13:35 of 2nd period - Backhand shot by Greg Pateryn.
13:35 of 2nd period - Shot Misses the Net.
13:37 of 2nd period - Snap shot by Greg Pateryn.
13:37 of 2nd period - Shot Blocked by Jeff Petry.
13:39 of 2nd period - Wrist shot by Peter Cehlarik.
13:39 of 2nd period - Stopped by Laurent Brossoit with a rebound.
13:41 of 2nd period - Snap shot by Nico Sturm.
13:41 of 2nd period - Stopped by Laurent Brossoit with a rebound.
14:23 of 2nd period - Snap shot by Sebastian Aho.
14:23 of 2nd period - Stopped by Michael Hutchinson without a rebound.
14:24 of 2nd period - Victor Rask wins face-off versus Antti Suomela in Heat zone.
14:26 of 2nd period - Minor Penalty to Trevor Carrick for Holding.
14:27 of 2nd period - Kyle Rau wins face-off versus Nico Sturm in Heat zone.
14:39 of 2nd period - Slapshot by Joe Morrow.
14:39 of 2nd period - Shot Misses the Net.
14:53 of 2nd period - Greg Pateryn is hit by Joe Morrow and loses puck.
15:27 of 2nd period - Snap shot by Alexandre Grenier.
15:27 of 2nd period - Stopped by Michael Hutchinson with a rebound.
15:29 of 2nd period - Wrist shot by Lawson Crouse.
15:29 of 2nd period - Deflect By Alexandre Grenier.
15:29 of 2nd period - Shot Misses the Net.
15:29 of 2nd period - Puck is out of play.
15:30 of 2nd period - Kyle Rau wins face-off versus Nico Sturm in Heat zone.
15:31 of 2nd period - Slapshot by Alexandre Grenier.
15:31 of 2nd period - Stopped by Michael Hutchinson without a rebound.
15:32 of 2nd period - Kyle Rau wins face-off versus Nico Sturm in Heat zone.
16:03 of 2nd period - Icing by Sebastian Aho.
16:04 of 2nd period - Sebastian Aho wins face-off versus Ryan Spooner in Wolves zone.
16:26 of 2nd period - Penalty to Trevor Carrick is over, Trevor Carrick is back on ice.
16:45 of 2nd period - Backhand shot by Eric Robinson.
16:45 of 2nd period - Shot Blocked by Frank Corrado.
16:47 of 2nd period - Snap shot by Eric Robinson.
16:47 of 2nd period - Deflect By Sebastian Aho.
16:47 of 2nd period - Goal by Sebastian Aho - Wolves : 3 - Heat : 3.
16:48 of 2nd period - Kyle Rau wins face-off versus Ryan Spooner in neutral zone.
17:03 of 2nd period - Wrist shot by Matthew Nieto.
17:03 of 2nd period - Stopped by Laurent Brossoit without a rebound.
17:04 of 2nd period - Thomas Spelling wins face-off versus Victor Rask in Wolves zone.
17:17 of 2nd period - Snap shot by Kevin Labanc.
17:17 of 2nd period - Stopped by Laurent Brossoit without a rebound.
17:18 of 2nd period - Matthew Nieto wins face-off versus Kyle Rau in Wolves zone.
17:35 of 2nd period - Icing by Joe Morrow.
17:36 of 2nd period - Victor Rask wins face-off versus Kyle Rau in Wolves zone.
17:47 of 2nd period - Wrist shot by Lawson Crouse.
17:47 of 2nd period - Stopped by Michael Hutchinson with a rebound.
18:26 of 2nd period - Snap shot by Sebastian Aho.
18:26 of 2nd period - Shot Misses the Net.
18:28 of 2nd period - Snap shot by Victor Olofsson.
18:28 of 2nd period - Deflect By Greg Pateryn.
18:28 of 2nd period - Shot Blocked by Rasmus Andersson.
18:28 of 2nd period - Puck is out of play.
18:29 of 2nd period - Antti Suomela wins face-off versus Kevin Labanc in Heat zone.
18:32 of 2nd period - Snap shot by Antti Suomela.
18:32 of 2nd period - Stopped by Michael Hutchinson without a rebound.
18:33 of 2nd period - Kevin Labanc wins face-off versus Kyle Rau in Heat zone.
19:17 of 2nd period - Minor Penalty to Jalen Chatfield for Hooking.
19:18 of 2nd period - Alexandre Grenier wins face-off versus Victor Rask in Wolves zone.
19:27 of 2nd period - Snap shot by Kevin Labanc.
19:27 of 2nd period - Goal by Kevin Labanc - Wolves : 3 - Heat : 4.
19:28 of 2nd period - Victor Rask wins face-off versus Kyle Rau in neutral zone.
19:55 of 2nd period - Ryan Spooner is hit by Jeffrey Foss and loses puck.
Goals for this period are 1 for Wolves vs 4 for Heat.
Shots for this period are 22 for Wolves vs 20 for Heat.
3rd period
0:01 of 3rd period - Kyle Rau wins face-off versus Victor Rask in neutral zone.
0:25 of 3rd period - Greg Pateryn is hit by Thomas Spelling and loses puck.
0:46 of 3rd period - Slapshot by Greg Pateryn.
0:46 of 3rd period - Stopped by Laurent Brossoit with a rebound.
0:54 of 3rd period - Anton Lindholm is hit by Rasmus Andersson and loses puck.
1:53 of 3rd period - Snap shot by Nico Sturm.
1:53 of 3rd period - Stopped by Laurent Brossoit with a rebound.
1:55 of 3rd period - Wrist shot by Nico Sturm.
1:55 of 3rd period - Shot Misses the Net.
1:57 of 3rd period - Wrist shot by Frank Corrado.
1:57 of 3rd period - Stopped by Laurent Brossoit with a rebound.
1:59 of 3rd period - Slapshot by Peter Cehlarik.
1:59 of 3rd period - Stopped by Laurent Brossoit with a rebound.
2:18 of 3rd period - Wrist shot by Trevor Carrick.
2:18 of 3rd period - Stopped by Laurent Brossoit with a rebound.
2:37 of 3rd period - Wrist shot by Kyle Rau.
2:37 of 3rd period - Stopped by Michael Hutchinson with a rebound.
3:01 of 3rd period - Minor Penalty to Wade Allison for Holding Stick.
3:02 of 3rd period - Alexandre Grenier wins face-off versus Victor Rask in Wolves zone.
3:36 of 3rd period - Ryan Spooner is hit by Kyle Rau and loses puck.
5:01 of 3rd period - Penalty to Wade Allison is over, Wade Allison is back on ice.
5:01 of 3rd period - Icing by Evgeny Svechnikov.
5:02 of 3rd period - Ryan Spooner wins face-off versus Victor Olofsson in Heat zone.
5:21 of 3rd period - Wrist shot by Matthew Highmore.
5:21 of 3rd period - Shot Misses the Net.
6:35 of 3rd period - Backhand shot by Kyle Rau.
6:35 of 3rd period - Shot Misses the Net.
6:56 of 3rd period - Off-side.
6:57 of 3rd period - Kyle Rau wins face-off versus Nico Sturm in neutral zone.
7:52 of 3rd period - Snap shot by Victor Olofsson.
7:52 of 3rd period - Shot Misses the Net.
7:54 of 3rd period - Slapshot by Fredrik Olofsson.
7:54 of 3rd period - Shot Blocked by Trevor Carrick.
7:56 of 3rd period - Slapshot by Jeffrey Foss.
7:56 of 3rd period - Stopped by Michael Hutchinson with a rebound.
8:15 of 3rd period - Snap shot by Kyle Rau.
8:15 of 3rd period - Stopped by Michael Hutchinson without a rebound.
8:16 of 3rd period - Sebastian Aho wins face-off versus Ryan Spooner in Heat zone.
8:23 of 3rd period - Wrist shot by Thomas Spelling.
8:23 of 3rd period - Shot Blocked by Mathieu Brodeur.
9:04 of 3rd period - Peter Cehlarik is hit by Jalen Chatfield.
9:05 of 3rd period - Icing by Peter Cehlarik.
9:06 of 3rd period - Nico Sturm wins face-off versus Matthew Highmore in Heat zone.
9:06 of 3rd period - Nico Sturm is hit by Kieffer Bellows.
9:20 of 3rd period - Slapshot by Peter Cehlarik.
9:20 of 3rd period - Shot Misses the Net.
9:45 of 3rd period - Wrist shot by Kevin Labanc.
9:45 of 3rd period - Shot Misses the Net.
10:02 of 3rd period - Snap shot by Tyler Shattock.
10:02 of 3rd period - Stopped by Laurent Brossoit without a rebound.
10:03 of 3rd period - Matthew Nieto wins face-off versus Sebastian Aho in Wolves zone.
10:14 of 3rd period - Snap shot by Ryan Spooner.
10:14 of 3rd period - Goal by Ryan Spooner - Wolves : 3 - Heat : 5.
10:15 of 3rd period - Kyle Rau wins face-off versus Matthew Nieto in neutral zone.
10:17 of 3rd period - Off-side.
10:18 of 3rd period - Kyle Rau wins face-off versus Ryan Spooner in neutral zone.
10:48 of 3rd period - Minor Penalty to Thomas Spelling for Tripping.
10:49 of 3rd period - Alexandre Grenier wins face-off versus Victor Rask in Wolves zone.
10:57 of 3rd period - Wrist shot by Alexandre Grenier.
10:57 of 3rd period - Goal by Alexandre Grenier - Wolves : 4 - Heat : 5.
10:58 of 3rd period - Victor Rask wins face-off versus Alexandre Grenier in neutral zone.
11:09 of 3rd period - Wrist shot by Kevin Labanc.
11:09 of 3rd period - Stopped by Laurent Brossoit without a rebound.
11:10 of 3rd period - Victor Rask wins face-off versus Alexandre Grenier in Wolves zone.
11:15 of 3rd period - Wrist shot by Victor Rask.
11:15 of 3rd period - Stopped by Laurent Brossoit with a rebound.
11:17 of 3rd period - Slapshot by Greg Pateryn.
11:17 of 3rd period - Deflect By Victor Rask.
11:17 of 3rd period - Shot Blocked by Joe Morrow.
11:17 of 3rd period - Puck is out of play.
11:18 of 3rd period - Alexandre Grenier wins face-off versus Victor Rask in Wolves zone.
12:01 of 3rd period - Icing by Frank Corrado.
12:02 of 3rd period - Sebastian Aho wins face-off versus Victor Rask in Heat zone.
12:48 of 3rd period - Penalty to Thomas Spelling is over, Thomas Spelling is back on ice.
12:50 of 3rd period - Slapshot by Victor Rask.
12:50 of 3rd period - Stopped by Laurent Brossoit without a rebound.
12:51 of 3rd period - Fredrik Olofsson wins face-off versus Ryan Spooner in Wolves zone.
13:00 of 3rd period - Snap shot by Ryan Spooner.
13:00 of 3rd period - Stopped by Laurent Brossoit without a rebound.
13:01 of 3rd period - Ryan Spooner wins face-off versus Fredrik Olofsson in Wolves zone.
13:18 of 3rd period - Snap shot by Jeff Petry.
13:18 of 3rd period - Shot Blocked by Evgeny Svechnikov.
13:34 of 3rd period - Wrist shot by Ryan Spooner.
13:34 of 3rd period - Goal by Ryan Spooner - Wolves : 4 - Heat : 6.
13:35 of 3rd period - Kyle Rau wins face-off versus Victor Rask in neutral zone.
14:39 of 3rd period - Jesper Bratt is hit by Wade Allison and loses puck.
14:46 of 3rd period - Snap shot by Wade Allison.
14:46 of 3rd period - Goal by Wade Allison - Wolves : 5 - Heat : 6.
14:47 of 3rd period - Lawson Crouse wins face-off versus Victor Rask in neutral zone.
15:12 of 3rd period - Jeffrey Foss is hit by Nico Sturm and loses puck.
15:18 of 3rd period - Joe Morrow is hit by Frank Corrado and loses puck.
15:55 of 3rd period - Slapshot by Greg Pateryn.
15:55 of 3rd period - Shot Blocked by Jalen Chatfield.
15:57 of 3rd period - Slapshot by Greg Pateryn.
15:57 of 3rd period - Shot Misses the Net.
17:00 of 3rd period - Jeffrey Foss is hit by Chris Brown.
17:26 of 3rd period - Victor Rask is hit by Jeff Petry and loses puck.
17:36 of 3rd period - Icing by Kyle Rau.
17:37 of 3rd period - Sebastian Aho wins face-off versus Nico Sturm in Wolves zone.
17:39 of 3rd period - Icing by Anton Lindholm.
17:40 of 3rd period - Nico Sturm wins face-off versus Sebastian Aho in Wolves zone.
17:41 of 3rd period - Slapshot by Rasmus Andersson.
17:41 of 3rd period - Deflect By Sebastian Aho.
17:41 of 3rd period - Stopped by Laurent Brossoit with a rebound.
17:47 of 3rd period - Peter Cehlarik is hit by Jeff Petry and loses puck.
18:06 of 3rd period - Fredrik Olofsson is hit by Kevin Labanc and loses puck.
18:16 of 3rd period - Minor Penalty to Fredrik Olofsson for Roughing.
18:17 of 3rd period - Victor Rask wins face-off versus Alexandre Grenier in Wolves zone.
19:05 of 3rd period - Icing by Frank Corrado.
19:06 of 3rd period - Victor Rask wins face-off versus Sebastian Aho in Heat zone.
19:11 of 3rd period - Slapshot by Rasmus Andersson.
19:11 of 3rd period - Shot Blocked by Sebastian Aho.
19:13 of 3rd period - Slapshot by Frank Corrado.
19:13 of 3rd period - Shot Misses the Net.
19:15 of 3rd period - Slapshot by Frank Corrado.
19:15 of 3rd period - Goal by Frank Corrado - Wolves : 5 - Heat : 7.
19:16 of 3rd period - Antti Suomela wins face-off versus Nico Sturm in neutral zone.
Goals for this period are 2 for Wolves vs 3 for Heat.
Shots for this period are 5 for Wolves vs 14 for Heat.
Output by the SimonT Hockey Simulator (STHS) for Francois Prevost